 Dungeon Crawl Stone Soup version 0.29-a0-344-ge2f44be95a (webtiles) character file.

Game seed: 12003299262990774686

3969 spaghetti the Earth Mage (level 10, 59/67 HPs)
             Began as a Deep Dwarf Earth Elementalist on Apr 22, 2022.
             Was a Believer of Ru.
             Quit the game on level 1 of the Abyss.
             The game lasted 00:20:43 (10604 turns).

spaghetti the Earth Mage (DDEE)                    Turns: 10604, Time: 00:20:44

Health: 59/67      AC:  8    Str: 21    XL:     10   Next: 2%
Magic:  4/13       EV: 12    Int: 19    God:    Ru [**....]
Gold:   386        SH:  5    Dex: 13    Spells: 0/12 levels left

rFire   . . .      SeeInvis .   j - +3 spear (distort) {!wpolearm}
rCold   . . .      Faith    .   (no shield)
rNeg    . . .      Spirit   .   c - +0 robe
rPois   .          Reflect  +   m - +0 helmet
rElec   .          Harm     .   (no cloak)
rCorr   .          Rampage  .   l - +0 pair of gloves
Will    +....                   (no boots)
Stlth   ++........              h - amulet of reflection
HPRegen 0.00/turn               f - +6 ring of strength
MPRegen 0.13/turn               B - +4 ring of protection

@: no status effects
A: damage resistance, heal wounds, sense surroundings 2, inability to use
devices, no regeneration, deterioration 1, frail 1, screaming 1, strong 1
a: Heal Wounds, Renounce Religion


You were on level 1 of the Abyss.
You worshipped Ru.
Ru was pleased with you.
You visited 2 branches of the dungeon, and saw 9 of its levels.
You visited the Abyss 1 time.

You collected 386 gold pieces.


Innate Abilities, Weirdness & Mutations

You are resistant to damage.
You can heal yourself by infusing magical energy.
You passively map the area around you.
You cannot study or use magical devices.
You do not regenerate.
Your body sometimes deteriorates upon taking damage.
You are frail. (-10% HP)
You occasionally shout uncontrollably at your foes.
Your muscles are strong. (Str +2)


   Skills:
 - Level 2.1 Dodging
 - Level 2.4 Stealth
 - Level 1.7 Spellcasting
 - Level 6.0 Conjurations
 - Level 0.8 Transmutations
 + Level 15.4 Earth Magic
 - Level 6.5 Invocations


You couldn't memorise any spells.
You knew the following spells:

 Your Spells              Type           Power      Damage    Failure   Level
a - Sandblast             Erth           100%       2d20      1%          1
b - Stone Arrow           Conj/Erth      84%        3d12      1%          3
c - Blink                 Tloc           2%         N/A       26%         2
d - Iron Shot             Conj/Erth      21%        9d5       32%         6

Your spell library contained the following spells:

 Spells                   Type           Power      Damage    Failure   Level
 Passwall                 Tmut/Erth      26%        N/A       1%          2
 Petrify                  Tmut/Erth      32%        N/A       6%          4
 Conjure Flame            Conj/Fire      13%        6-21      16%         3
 Animate Skeleton         Necr           2%         N/A       17%         1
 Apportation              Tloc           2%         N/A       17%         1
 Freeze                   Ice            4%         1d3       17%         1
 Summon Small Mammal      Summ           4%         N/A       17%         1
 Iskenderun's Battlesphe  Conj           24%        2d8       38%         5
 Ignite Poison            Fire/Tmut/Pois 2%         N/A       43%         3
 Frozen Ramparts          Ice            2%         1d2       45%         3
 Hailstorm                Conj/Ice       13%        3d5       45%         4
 Sticky Flame             Conj/Fire      13%        2d4       45%         4
 Ice Form                 Ice/Tmut       3%         N/A       82%         4
 Manifold Assault         Tloc           1%         N/A       99%         5
 Simulacrum               Ice/Necr       0%         N/A       100%        6
 Spellforged Servitor     Conj/Summ      6%         N/A       100%        7
 Storm Form               Tmut/Air       1%         N/A       100%        7

Inventory:

Hand Weapons
 a - a +0 arbalest of flaming {crossbow}
   (You found it on level 4 of the Dungeon)
 b - a +2 dagger of venom {short}
   (You found it on level 1 of the Dungeon)
 j - a +3 spear of distortion (weapon) {!wpolearm}
   (You took it off a gnoll on level 5 of the Dungeon)
Missiles
 o - 8 boomerangs {throwing}
 r - 61 stones (quivered) {throwing}
 z - 2 throwing nets {=f!fthrowing}
Armour
 c - a +0 robe (worn)
 l - a +0 pair of gloves (worn)
   (You found it on level 2 of the Dungeon)
 m - a +0 helmet (worn)
   (You found it on level 3 of the Dungeon)
Jewellery
 f - a +6 ring of strength (left hand)
   (You found it on level 1 of the Dungeon)
 h - an amulet of reflection (around neck)
   (You found it on level 2 of the Dungeon)
 B - a +4 ring of protection (right hand)
   (You found it on level 6 of the Dungeon)
Wands
 i - a wand of flame (15)
   (You took it off Grinder on level 3 of the Dungeon)
 t - a wand of charming (10)
   (You found it on level 4 of the Dungeon)
 u - a wand of polymorph (7)
   (You found it on level 5 of the Dungeon)
 E - a wand of acid (9)
   (You found it on level 6 of the Dungeon)
 F - a wand of mindburst (15)
   (You found it on level 7 of the Dungeon)
Scrolls
 d - 3 scrolls of vulnerability {!r!r}
 e - a scroll of identify {@r1}
 g - 2 scrolls of immolation {!r!r}
 k - 6 scrolls of teleportation {@r4}
 n - a scroll of amnesia
 q - a scroll of brand weapon
 v - a scroll of silence {!r}
 w - 2 scrolls of noise {!r}
 x - a scroll of magic mapping {!r}
 y - 4 scrolls of enchant armour
 C - a scroll of fear
 D - a scroll of summoning
Potions
 p - 3 potions of curing {@q1}
 s - a potion of degeneration {!q@e2}

Dungeon Overview and Level Annotations

Branches:
Dungeon (8/15)             Temple (1/1) D:5
   Lair: D:8-11

Altars:
Ashenzari
Cheibriados
Dithmenos
Elyvilon
Fedhas
Gozag
Hepliaklqana
Kikubaaqudgha
Makhleb
Nemelex Xobeh
Okawaru
Qazlal
Ru
Sif Muna
Trog
Uskayaw
Wu Jian
Xom
Yredelemnul
The Shining One

Annotations:
D:7 2 exclusions
D:8 Maggie

. ### .#.
...
#...#..
....#..
...#...
.##...#
#......##
...8.8.@##
..8...8..#
...8.8..##
#...8.X##
.##...'
..##.## #
#. .# ..


You could see a starcursed mass.


Message History

Press: ? - help, Shift-Dir - straight line, f - orc wizard
Aim: an orc wizard, wielding a +0 dagger and wearing a +0 robe (70% to hit)
The stone arrow hits the orc wizard!
You kill the orc wizard! 😕 MP[-3]
You lost 3 mp, and now have 0/13 mp.
Casting: Stone Arrow (safe; 1% risk of failure)
Confirm with . or Enter, or press ? or * to list all spells.
You don't have enough magic to cast this spell.
This spell is quite dangerous to cast!
Memorise Iron Shot, consuming 6 spell levels and leaving 0?
You start memorising the spell.
You continue memorising. x6
You finish memorising.
Spell assigned to 'd'. 😕 MP[+1]
Okay, then.
Key pressed, stopping explore.
Key pressed, stopping explore.
Key pressed, stopping explore.
Things that are here:
a +0 scimitar {long}; a +0 chain mail; 😕 MP[+12]
Your mp is fully restored (13).
Things that are here:
a +0 dagger {short}; a +0 robe
r - 43 stones {throwing} (gained 1)
Things that are here:
a +0 dagger {short}; a +0 robe
Things that are here:
a +0 scimitar {long}; a +0 chain mail
r - 44 stones {throwing} (gained 1)
r - 45 stones {throwing} (gained 1)
Found a stone staircase leading down.
r - 62 stones {throwing} (gained 17) Key pressed, stopping explore.
Key pressed, stopping explore.
Key pressed, stopping explore.
You see here a +0 dagger {short}.
You open the door.
Maggie is nearby!
Casting: Stone Arrow (safe; 1% risk of failure)
Confirm with . or Enter, or press ? or * to list all spells.
You can't see any susceptible monsters within range! (Use Z to cast anyway.)
There is an open door here.
Casting: Stone Arrow (safe; 1% risk of failure)
Confirm with . or Enter, or press ? or * to list all spells.
You can't see any susceptible monsters within range! (Use Z to cast anyway.)
Casting: Stone Arrow (safe; 1% risk of failure)
Confirm with . or Enter, or press ? or * to list all spells.
The spell is quite dangerous to miscast (32% risk of failure)!
Continue anyway?
Aiming: Iron Shot (quite dangerous; 32% risk of failure)
Press: ? - help, Shift-Dir - straight line, f - Maggie
Aim: Maggie, wielding a +0 halberd of distortion and wearing +0 steam dragon scales (wandering, hasn't noticed you, 68% to hit)
The iron shot hits Maggie!! 😕 MP[-6]
You lost 6 mp, and now have 7/13 mp.
Casting: Iron Shot (quite dangerous; 32% risk of failure)
Confirm with . or Enter, or press ? or * to list all spells.
The spell is quite dangerous to miscast (32% risk of failure)!
Continue anyway?
Aiming: Iron Shot (quite dangerous; 32% risk of failure)
Press: ? - help, Shift-Dir - straight line, f/p - Maggie
Aim: Maggie, wielding a +0 halberd of distortion and wearing +0 steam dragon scales (heavily wounded, 68% to hit)
The iron shot misses Maggie. 😕 MP[-6]
You lost 6 mp, and now have 1/13 mp.
Casting: Iron Shot (quite dangerous; 32% risk of failure)
Confirm with . or Enter, or press ? or * to list all spells.
Aiming: Sandblast (safe; 1% risk of failure)
Press: ? - help, Shift-Dir - straight line, f/p - Maggie
Aim: Maggie, wielding a +0 halberd of distortion and wearing +0 steam dragon scales (heavily wounded, 84% to hit)
The blast of sand hits Maggie.
r - 61 stones {throwing} Maggie gestures wildly while chanting.
Maggie attempts to bespell you!
You easily resist. 😕 MP[-1]
You lost 1 mp, and now have 0/13 mp.
Reach: j) +3 spear (distort) {!wpolearm}
Press: ? - help, Dir - move target, f/p - Maggie
Aim: Maggie, wielding a +0 halberd of distortion and wearing +0 steam dragon scales (heavily wounded, about 37% to evade your +3 spear of distortion)
You reach to attack!
You barely miss Maggie. Maggie closely misses you.
Reach: j) +3 spear (distort) {!wpolearm}
Press: ? - help, Dir - move target, f/p - Maggie
Aim: Maggie, wielding a +0 halberd of distortion and wearing +0 steam dragon scales (heavily wounded, about 37% to evade your +3 spear of distortion)
You reach to attack!
You closely miss Maggie.
Maggie hits you from afar with a +0 halberd of distortion.
You are cast into the Abyss!
This branch contains the abyssal rune of Zot.
Unknown command.
Unknown command.
Unknown command.
A starcursed mass comes into view.
You yell at the starcursed mass! 😕 MP[+4]
You regained 4 mp, and now have 4/13 mp.
A starcursed mass is nearby!
A starcursed mass is nearby!
A starcursed mass is nearby!
A starcursed mass splits.
The starcursed mass shrieks in your mind. 😕 HP[-3]
You take 3 damage, and now have 59/67 hp.
Are you sure you want to abandon this character and quit the game? (Confirm with "yes".)

Skill      XL: |  1  2  3  4  5  6  7  8  9 |
---------------+----------------------------+-----
Invocations    | 1 2 4 6 |  6.5
Earth Magic    | 5 6 11 15 | 15.4
Conjurations   | 3 6 |  6.0
Dodging        | |  2.1
Stealth        | |  2.4
Spellcasting   | |  1.7
Transmutations | |  0.8

Action                   |  1- 3 |  4- 6 |  7- 9 | 10-12 || total
-------------------------+-------+-------+-------+-------++-------
Melee: Dagger            |    26 |    53 |    10 |       ||    89
       Punch             |       |       |     1 |       ||     1
       Spear             |       |       |    19 |     2 ||    21
 Fire: Arbalest          |       |       |    55 |       ||    55
Throw: Stone             |       |       |    21 |       ||    21
 Cast: Sandblast         |    52 |    22 |    97 |     1 ||   172
       Stone Arrow       |       |    46 |    79 |     1 ||   126
       Blink             |       |       |     1 |       ||     1
       Iron Shot         |       |       |       |     2 ||     2
Invok: Sacrifice Artific |       |       |     1 |       ||     1
 Abil: Heal Wounds       |       |     3 |     4 |       ||     7
Evoke: Wand              |       |       |     6 |       ||     6
  Use: Potion            |     2 |     8 |     6 |       ||    16
       Scroll            |       |     7 |    10 |       ||    17
Armor: Robe              |    11 |    12 |    29 |       ||    52
Dodge: Dodged            |    33 |    37 |    77 |     1 ||   148
Block: Other             |     4 |    16 |    25 |       ||    45
       Reflection        |       |     1 |     1 |       ||     2

Levels and vault maps discovered:
D:1:      dpeg_arrival_tiny_h, layout_basic
D:2:      layout_basic
D:3:      layout_loops_ring, kiku_gazebo_garden_becter, uniq_grinder
D:4:      layout_loops_ring, serial_rivers, chequers_serial_rivers_micro_e,
          chequers_serial_rivers_room_b, chequers_serial_rivers_marsh,
          chequers_serial_rivers_room_a, chequers_serial_rivers_micro_e,
          chequers_serial_rivers_micro_b
D:5:      minmay_recursive_quarters, layout_layer_cave, temple_fountains,
          kennysheep_small_square, uniq_menkaure
D:6:      layout_basic
D:7:      cheibrodos_helix_gallery, layout_basic, minmay_misc_feat_ornament
D:8:      layout_rooms, tso_metal_star, mainiacjoe_overflow_swirl, uniq_maggie
Temple:   mainiacjoe_temple_coin_purse
Abyss:1:  base:
D:1

Notes
Turn   | Place    | Note
-------+----------+-------------------------------------------
     0 | D:1      | spaghetti the Deep Dwarf Earth Elementalist began the quest
                  | for the Orb.
     0 | D:1      | Reached XP level 1. HP: 15/15 MP: 3/3
     0 | D:1      | magus.rc [v1.9.6]
   110 | D:1      | Reached skill level 1 in Invocations
   249 | D:1      | Reached XP level 2. HP: 16/22 MP: 2/4
   335 | D:1      | Reached skill level 2 in Invocations
   585 | D:1      | Reached XP level 3. HP: 28/28 MP: 5/5
   589 | D:1      | Learned a level 3 spell: Stone Arrow
   805 | D:1      | Reached skill level 3 in Invocations
  1521 | D:2      | Reached skill level 5 in Earth Magic
  1523 | D:2      | Reached skill level 4 in Invocations
  1523 | D:2      | Reached XP level 4. HP: 16/36 MP: 2/7
  2008 | D:2      | You pick up a book of Cantrips and begin reading...
  2008 | D:2      | You add the spells Animate Skeleton, Summon Small Mammal
                  | and Apportation to your library.
  2169 | D:3      | Noticed Grinder
  2176 | D:3      | Paralysed by Grinder for 4 turns
  2182 | D:3      | HP: 5/36 [Grinder/nerve-wracking pain (10)]
  2185 | D:3      | Gained mutation: You have a pair of small antennae on your
                  | head. [potion of mutation]
  2185 | D:3      | Gained mutation: You are agile. (Dex +2) [potion of
                  | mutation]
  2194 | D:3      | HP: 8/36 [something (6)]
  2202 | D:3      | Killed Grinder
  2203 | D:3      | Reached skill level 6 in Earth Magic
  2203 | D:3      | Reached skill level 6 in Invocations
  2203 | D:3      | Reached XP level 5. HP: 29/42 MP: 0/9
  2203 | D:3      | Reached XP level 6. HP: 33/49 MP: 0/10
  2509 | D:3      | Lost mutation: You are agile. (Dex +2) [potion of mutation]
  2509 | D:3      | Lost mutation: You have a pair of small antennae on your
                  | head. [potion of mutation]
  2509 | D:3      | Gained mutation: Your spells are a little easier to cast,
                  | but a little less powerful. [potion of mutation]
  2509 | D:3      | Gained mutation: Your body sometimes deteriorates upon
                  | taking damage. [potion of mutation]
  2509 | D:3      | Gained mutation: Your body often deteriorates upon taking
                  | damage. [potion of mutation]
  2510 | D:3      | Lost mutation: Your spells are a little easier to cast, but
                  | a little less powerful. [potion of mutation]
  2510 | D:3      | Lost mutation: Your body often deteriorates upon taking
                  | damage. [potion of mutation]
  2510 | D:3      | Gained mutation: Your muscles are strong. (Str +2) [potion
                  | of mutation]
  2510 | D:3      | Gained mutation: You are frail. (-10% HP) [potion of
                  | mutation]
  2510 | D:3      | Gained mutation: You occasionally shout uncontrollably at
                  | your foes. [potion of mutation]
  2531 | D:3      | Reached skill level 1 in Conjurations
  2674 | D:3      | You add the spells Blink, Manifold Assault and Storm Form
                  | to your library.
  2762 | D:3      | Reached skill level 2 in Conjurations
  3502 | D:3      | Found an ancient bone altar of Kikubaaqudgha.
  3931 | D:4      | Reached skill level 3 in Conjurations
  4177 | D:4      | You pick up a book of Frost and begin reading...
  4177 | D:4      | You add the spells Freeze, Frozen Ramparts and Hailstorm to
                  | your library.
  4409 | D:4      | Reached XP level 7. HP: 49/49 MP: 7/11
  4782 | D:4      | Reached skill level 4 in Conjurations
  5363 | D:5      | Entered Level 5 of the Dungeon
  5516 | D:5      | Found a staircase to the Ecumenical Temple.
  5522 | Temple   | Entered the Ecumenical Temple
  5629 | Temple   | Became a worshipper of Ru the Awakened
  5723 | D:5      | Reached skill level 5 in Conjurations
  6049 | D:5      | Learned a level 2 spell: Blink
  6380 | D:5      | Reached skill level 6 in Conjurations
  6426 | D:5      | Reached XP level 8. HP: 17/55 MP: 8/12
  6435 | D:5      | HP: 10/55 [gnoll/+0 halberd (4)]
  6639 | D:5      | Reached skill level 7 in Earth Magic
  6653 | D:5      | Reached skill level 8 in Earth Magic
  6848 | D:5      | Reached skill level 9 in Earth Magic
  6873 | D:5      | Noticed Menkaure
  6878 | D:5      | Killed Menkaure
  6893 | D:5      | HP: 1/55 [ogre/+0 giant club (24)]
  6906 | D:5      | Reached skill level 10 in Earth Magic
  7419 | D:5      | Gained mutation: You cannot study or use magical devices.
                  | [Ru sacrifice]
  7419 | D:5      | Reached * piety under Ru
  7419 | D:5      | Reached ** piety under Ru
  7689 | D:5      | Reached skill level 11 in Earth Magic
  7934 | D:6      | Gained mutation: You passively map the area around you.
                  | [Deep Dwarf growth]
  7934 | D:6      | Reached XP level 9. HP: 26/61 MP: 2/13
  8438 | D:6      | Reached skill level 12 in Earth Magic
  8653 | D:6      | You add the spells Conjure Flame, Ignite Poison and Sticky
                  | Flame to your library.
  8690 | D:6      | You pick up a book of Power and begin reading...
  8690 | D:6      | You add the spells Iskenderun's Battlesphere, Iron Shot and
                  | Spellforged Servitor to your library.
  9034 | D:7      | Reached skill level 13 in Earth Magic
  9053 | D:7      | Noticed a cyclops
  9249 | D:7      | HP: 15/61 [wight/+5 mace of freezing (2)]
  9447 | D:7      | Killed a cyclops
  9448 | D:7      | Reached skill level 14 in Earth Magic
  9655 | D:7      | Reached skill level 15 in Earth Magic
 10132 | D:8      | HP: 9/61 [gnoll shaman/+0 club (8)]
 10136 | D:8      | HP: 3/61 [something/puff of flame (6)]
 10284 | D:8      | Found a glowing golden altar of the Shining One.
 10284 | D:8      | Noticed Maggie
 10329 | D:8      | You pick up a book of the Tundra and begin reading...
 10329 | D:8      | You add the spells Ice Form and Simulacrum to your library.
 10351 | D:8      | Reached XP level 10. HP: 62/67 MP: 3/13
 10359 | D:8      | Learned a level 6 spell: Iron Shot
 10575 | D:8      | You are cast into the Abyss!
 10575 | D:8      | Cast into level 1 of the Abyss (Maggie)
 10601 | Abyss:1  | Noticed a starcursed mass
 10604 | Abyss:1  | Quit the game

Vanquished Creatures
  A cyclops (D:7)
  Grinder (D:3)
  Menkaure (D:5)
  An orc warrior (D:8)
  3 sky beasts
  3 ice beasts
  4 centaurs
  3 bullfrogs
  3 necrophages (D:5)
  3 scorpions
  4 wights (D:7)
  6 killer bees (D:7)
  A howler monkey (D:4)
  An electric eel (D:7)
  An orc priest (D:3)
  3 gnoll shamans
  7 hounds
  6 iguanas
  7 orc wizards
  25 gnolls
  9 adders
  A shadow imp (D:6)
  A white imp (D:6)
  An ufetubus (D:5)
  A worm (D:3)
  6 dart slugs
  27 orcs
  7 endoplasms
  6 giant cockroaches
  11 hobgoblins
  15 jackals
  6 quokkas
  9 ball pythons
  6 bats
  A frilled lizard (D:1)
  4 goblins
  10 kobolds
  6 rats
211 creatures vanquished.

Vanquished Creatures (collateral kills)
  A gnoll (D:5)
1 creature vanquished.

Vanquished Creatures (others)
  An ogre (D:5)
  A gnoll shaman (D:5)
2 creatures vanquished.

Grand Total: 214 creatures vanquished

Table legend:
 A = Non-vault XP
 B = Vault XP
 C = Vault XP percentage of total XP
 D = Non-vault monster count
 E = Vault monster count
 F = Vault count percentage of total count
                 A         B        C        D         E       F
            +---------+---------+-------+---------+---------+-------
      Total |    4348 |    1323 |  23.3 |     197 |      16 |   7.5
            +---------+---------+-------+---------+---------+-------
        D:1 |      52 |       0 |   0.0 |      31 |       0 |   0.0
        D:2 |     111 |       0 |   0.0 |      25 |       0 |   0.0
        D:3 |     240 |     272 |  53.1 |      36 |       1 |   2.7
        D:4 |     302 |       0 |   0.0 |      25 |       0 |   0.0
        D:5 |     803 |     906 |  53.0 |      35 |      13 |  27.1
        D:6 |     753 |       0 |   0.0 |      10 |       0 |   0.0
        D:7 |    1680 |     145 |   7.9 |      21 |       2 |   8.7
        D:8 |     407 |       0 |   0.0 |      14 |       0 |   0.0
            +---------+---------+-------+---------+---------+-------

Illustrated notes

Table legend:
 A = Kills in this place as a percentage of kills in entire the game.
 B = Kills by you in this place as a percentage of kills by you in the entire game.
 C = Kills by friends in this place as a percentage of kills by friends in the entire game.
 D = Other kills in this place as a percentage of other kills in the entire game.
 E = Experience gained in this place as a percentage of experience gained in the entire game.
 F = Experience gained in this place divided by the number of levels of this place that you have seen.
                   A       B       C       D       E      F
               +-------+-------+-------+-------+-------+----------------------
         Total | 100.0 | 100.0 | 100.0 | 100.0 | 100.0 | 567.1
       Dungeon | 100.0 | 100.0 | 100.0 | 100.0 | 100.0 | 708.9
               +-------+-------+-------+-------+-------+----------------------

Table legend: (Time is in decaauts)
 A = Elapsed time spent in this place.
 B = Non-inter-level travel time spent in this place.
 C = Inter-level travel time spent in this place.
 D = Time resting spent in this place.
 E = Time spent auto-exploring this place.
 F = Levels seen in this place.
 G = Mean time per level.
                   A        B        C        D        E       F      G
               +--------+--------+--------+--------+--------+-----+--------+
         Total |  10654 |  10333 |    321 |   1032 |   7953 |  10 | 1065.4 |
       Dungeon |  10505 |  10196 |    309 |   1032 |   7845 |   8 | 1313.1 |
        Temple |    119 |    107 |     12 |      0 |     83 |   1 |  119.0 |
         Abyss |     28 |     28 |      0 |      0 |     25 |   1 |   28.0 |
               +--------+--------+--------+--------+--------+-----+--------+

Top non-repeatable levels by time:
     D:5: 2435 daAuts
     D:3: 1756 daAuts
     D:4: 1508 daAuts
     D:1: 1283 daAuts
     D:6: 1109 daAuts
     D:7: 1027 daAuts
     D:2: 875 daAuts
     D:8: 508 daAuts
  Temple: 119 daAuts
 Abyss:1: 28 daAuts
